 Dungeon Sprint DCSS version 0.23.1 (webtiles) character file.

Game seed: 116572078688644312

81262 nuthulu the Gargoyle Barricade (level 20, -5/141 HPs)
             Began as a Gargoyle Fighter on Mar 15, 2019.
             Was the Champion of Qazlal.
             Killed from afar by an orb of fire (8 damage)
             ... with a fireball
             ... in the Dungeon (Sprint VI: "Thunderdome").
             The game lasted 00:27:10 (5298 turns).

nuthulu the Gargoyle Barricade (Gargoyle Fighter)   Turns: 5298, Time: 00:27:10

Health: -5/141     AC: 61    Str: 33 (34) XL:     20   Next: 51%
Magic:  10/29      EV: 23    Int: 17      God:    Qazlal [******]
Gold:   11011      SH: 41    Dex: 25      Spells: 26/26 levels left

rFire    + + +     SeeInvis .   j - +9 demon whip (slash)
rCold    + + +     Gourm    .   x - +4 large shield of Poybueje {rCorr Int+7 Dex+4}
rNeg     + + +     Faith    .   y - +12 gold dragon scales
rPois    ∞         Spirit   .   v - +0 helmet of Picwuh {Slay+3}
rElec    +         Reflect  .   w - +2 cloak of Nihilism {*Drain rC+ rN++ Dex-3}
rCorr    +         Harm     .   z - +1 pair of gloves of Mostrog {-Cast MR+ Int+4 Slay+2}
MR       +++..     Clarity  +   t - +0 pair of boots of Lecvihoso {rF+ rCorr Dex+3} (curse) Stlth ..........NoTele +
                                B - amulet of Ixeb {+Rage rC+ Dex+4}
HPRegen  0.00/turn NoCast   +   p - ring "Reix" {*Slow +Inv MR+ Dex+8}
MPRegen  0.21/turn              s - ring of Dafuwu {rF+ Str+5 Int-3 Stlth+}

@: protected from fire, repel missiles
A: big wings, molten scales 1, clarity, deformed body, deterioration 1, fire
resistance 1, frail 1, negative energy resistance 1, electricity resistance,
inhibited regeneration, unbreathing, petrification resistance, rot immunity,
subdued magic 1, MP-powered wands, AC +15
}: 5/15 runes: decaying, slimy, silver, gossamer, mossy
a: Fly, Upheaval, Elemental Force, Disaster Area, Renounce Religion, Evoke
Berserk Rage, Evoke Invisibility


You were in the Dungeon.
You worshipped Qazlal.
Qazlal was exalted by your worship.
You were not hungry.

You visited 1 branch You collected 18680 gold pieces.
You spent 7669 gold pieces at shops.

Inventory:

Hand Weapons
 a - a +0 war axe
 j - a +9 demon whip of slashing (weapon)
Armour
 b - a +0 scale mail
 c - a +0 shield
 d - a +0 plate armour
 t - the cursed +0 pair of boots of Lecvihoso (worn) {rF+ rCorr Dex+3}
   (You bought it in a shop in the Dungeon)

   It affects your dexterity (+3).
   It protects you from fire.
   It provides partial protection from all sources of acid and corrosion.
   It has a curse placed upon it.
 u - the +0 pair of gloves of the Lute {MR+}
   (You bought it in a shop in the Dungeon)

   It affects your resistance to hostile enchantments.
 v - the +0 helmet of Picwuh (worn) {Slay+3}
   (You bought it in a shop in the Dungeon)

   It affects your accuracy and damage with ranged weapons and melee attacks
   (+3).
 w - the +2 cloak of Nihilism (worn) {*Drain rC+ rN++ Dex-3}
   (You bought it in a shop in the Dungeon)

   It affects your dexterity (-3).
   It protects you from cold.
   It greatly protects you from negative energy.
   It causes draining when unequipped.
 x - the +4 large shield of Poybueje (worn) {rCorr Int+7 Dex+4}
   (You bought it in a shop in the Dungeon)

   It affects your intelligence (+7).
   It affects your dexterity (+4).
   It provides partial protection from all sources of acid and corrosion.
 y - +12 gold dragon scales (worn)
 z - the +1 pair of gloves of Mostrog (worn) {-Cast MR+ Int+4 Slay+2}
   (You bought it in a shop in the Dungeon)

   It affects your intelligence (+4).
   It affects your accuracy and damage with ranged weapons and melee attacks
   (+2).
   It affects your resistance to hostile enchantments.
   It prevents spellcasting.
Jewellery
 p - the ring "Reix" (left hand) {*Slow +Inv MR+ Dex+8}
   (You bought it in a shop in the Dungeon)

   [ring of protection from magic]

   It affects your dexterity (+8).
   It affects your resistance to hostile enchantments.
   It lets you turn invisible.
   It may slow you when you take damage.
 q - the ring "Zeumon" {Wiz Str+3 Int+5 Dex-5 SInv}
   (You bought it in a shop in the Dungeon)

   [ring of wizardry]

   It improves your spell success rate.
   It affects your strength (+3).
   It affects your intelligence (+5).
   It affects your dexterity (-5).
   It lets you see invisible.
 r - the amulet of Imusus {Spirit Dex+4}
   (You bought it in a shop in the Dungeon)

   [amulet of guardian spirit]

   It causes incoming damage to be split between your health and magic.
   It affects your dexterity (+4).
 s - the ring of Dafuwu (right hand) {rF+ Str+5 Int-3 Stlth+}
   (You found it in the Dungeon)

   [ring of stealth]

   It affects your strength (+5).
   It affects your intelligence (-3).
   It protects you from fire.
   It makes you more stealthy.
 B - the amulet of Ixeb (around neck) {+Rage rC+ Dex+4}
   (You bought it in a shop in the Dungeon)

   [amulet of rage]

   It affects your dexterity (+4).
   It protects you from cold.
   It lets you go berserk.
 D - the ring of the Death Scarab {+Blink rC+++ EV+4 Int-3}
   (You bought it in a shop in the Dungeon)

   [ring of evasion]

   It affects your evasion (+4).
   It affects your intelligence (-3).
   It renders you almost immune to cold.
   It lets you blink.
 E - the ring "Putron" {MR+ Dex+3}
   (You bought it in a shop in the Dungeon)

   [ring of protection from magic]

   It affects your dexterity (+3).
   It affects your resistance to hostile enchantments.
 F - the ring "Ollotud" {rC+ SInv}
   (You bought it in a shop in the Dungeon)

   [ring of see invisible]

   It protects you from cold.
   It lets you see invisible.
 H - the amulet of the Rose {Inacc Dex+4}
   (You bought it in a shop in the Dungeon)

   [amulet of inaccuracy]

   It reduces the accuracy of all your attacks.
   It affects your dexterity (+4).
 I - the amulet "Raty" {Acrobat rPois Stlth+}
   (You bought it in a shop in the Dungeon)

   [amulet of the acrobat]

   It helps you evade while moving and waiting.
   It protects you from poison.
   It makes you more stealthy.
 J - the amulet "Noaddump" {Gourm Int+5 Stlth-}
   (You bought it in a shop in the Dungeon)

   [amulet of the gourmand]

   It allows you to eat raw meat even when not hungry.
   It affects your intelligence (+5).
   It makes you less stealthy.
 K - the amulet of Axyothriu {Spirit rF+ Dex+3}
   (You bought it in a shop in the Dungeon)

   [amulet of guardian spirit]

   It causes incoming damage to be split between your health and magic.
   It affects your dexterity (+3).
   It protects you from fire.
Wands
 l - a wand of acid (5)
 m - a wand of iceblast (5)
Scrolls
 k - 4 scrolls of blinking
 n - 3 scrolls of fog
 C - 7 scrolls of enchant weapon
Potions
 e - a potion of curing
 g - 9 potions of heal wounds
 h - 2 potions of haste
 i - a potion of magic
 o - a potion of resistance
Comestibles
 f - 11 rations


   Skills:
 O Level 27 Fighting
 - Level 12.5(18.0) Axes
 + Level 22.2(23.3) Maces & Flails
 O Level 27 Armour
 + Level 18.3 Dodging
 O Level 27 Shields
 - Level 3.6 Spellcasting
 - Level 12.0 Invocations


You had 26 spell levels left.
You didn't know any spells.
Your spell library was empty.

Dungeon Overview and Level Annotations

Branches:
Dungeon (1/1)

Altars:
Cheibriados
Dithmenos
Fedhas
Gozag
Kikubaaqudgha
Makhleb
Okawaru
Qazlal
Ru
Sif Muna
Trog
Uskayaw
Vehumet
Wu Jian
Xom
Yredelemnul
Zin
The Shining One
Beogh
Jiyva
Lugonu

Shops:
D *[%??*?*:[((!!!!


Innate Abilities, Weirdness & Mutations

You are resistant to torment.
Your stone body is resilient. (AC +15)
You are immune to poison.
Your large and strong wings let you fly indefinitely.
You resist negative energy. (rN+)
You are resistant to electric shocks. (rElec)
You can survive without breathing.
You are immune to petrification.
You are immune to rotting.
You are partially covered in molten scales. (AC +2)
You possess an exceptional clarity of mind.
Armour fits poorly on your strangely shaped body.
Your body sometimes deteriorates upon taking damage.
Your flesh is heat resistant. (rF+)
You are frail. (-10% HP)
You do not regenerate when monsters are visible.
Your spells are a little easier to cast, but a little less powerful.
You expend magic power (3 MP) to strengthen your wands.


Message History

Something smites you!
* * * LOW HITPOINT WARNING * * *
Your body deteriorates!
You feel weakened.
The balrug gestures at the balrug.
The fireball explodes!
The fireball engulfs the balrug.
The balrug completely resists.
The fireball engulfs the balrug.
The balrug completely resists.
The fireball engulfs you but does no damage.
You hit the orb of fire.
The orb of fire is almost destroyed.
Unknown command.
Unknown command.
Unknown command.
You barely miss the orb of fire.
The orb of fire is almost destroyed.
You hear a roar!
The orb of fire emits a lurid red light.
The fireball explodes!
The fireball engulfs you! You resist.
You feel more protected from fire.
You die...

##∩.[((.∩## #∩....(..∩#
#_..|.((._# #_...(.(._#
#_..((.((_# ###[C≈(...([###
#[2≈○[(..().)⌠#
######28*§(1((...8.#####
##∩__≈○(@)°(###.((..._._∩
###∩...≈≈((○8[# #.8.(......
##.......)(○[([###(.........
#⌠....[.([((###.))###.......
#⌠.....).(..# #)0.# #.......
#⌠.........(###((.###.......
##....≈..).(.((###(.[[......
###∩......[[8.# #.8.)......
##∩___).....###.)[.[.___∩


You could see an orb of fire, a Brimstone Fiend, a fire giant and 2 balrugs.

Vanquished Creatures
  Mennas (D)
  Tiamat (D)
  An orb of fire (D)
  3 ancient liches (D)
  Agnes (D)
  2 Killer Klowns (D)
  5 curse toes (D)
  A great orb of eyes (D)
  5 pearl dragons (D)
  A tentacled monstrosity (D)
  6 Orb Guardians (D)
  3 deep elf blademasters (D)
  A quicksilver dragon (D)
  A deep elf master archer (D)
  2 sphinxes (D)
  A storm dragon (D)
  A daeva (D)
  A deep elf sorcerer (D)
  A balrug (D)
  4 ophanim (D)
  4 spriggan defenders (D)
  An angel (D)
  3 deep elf demonologists (D)
  4 apis (D)
  A wolf spider (D)
  A dire elephant (D)
  A deep elf annihilator (D)
  A mummy priest (D)
  A fire dragon (D)
  A deep elf high priest (D)
  2 ogre magi (D)
  14 yaktaur captains (D)
  Erolcha (D)
  A wizard (D)
  3 spriggan air magi (D)
  A shambling mangrove (D)
  2 two-headed ogres (D)
  A dancing weapon (D)
  An orc high priest (D)
  7 spriggan berserkers (D)
  2 deep elf knights (D)
  2 spriggans (D)
  A sun demon (D)
  A cherub (D)
  A sixfirhy (D)
  A spriggan druid (D)
  A swamp dragon (D)
  A deep elf archer (D)
  An orc knight (D)
  An oklob plant (D)
  2 lindwurms (D)
  2 shining eyes (D)
  A faun (D)
  A moth of wrath (D)
  2 rust devils (D)
  13 smoke demons (D)
  5 orange demons (D)
  2 rime drakes (D)
  4 hellwings (D)
  2 kobold demonologists (D)
  4 guardian mummies (D)
  5 ice devils (D)
  A komodo dragon (D)
  6 yaktaurs (D)
  4 dryads (D)
  11 wandering mushrooms (D)
  A wind drake (D)
  5 bog bodies (D)
  6 hornets (D)
  2 slime creatures (D)
  5 air elementals (D)
  2 ynoxinuls (D)
  3 redbacks (D)
  Eustachio (D)
  A fire elemental (D)
  A golden eye (D)
  2 steam dragons (D)
  20 neqoxecs (D)
  2 chaos spawn (D)
  3 insubstantial wisps (D)
  2 acid dragons (D)
  An orc warrior (D)
  6 swamp drakes (D)
  2 floating eyes (D)
  A black bear (D)
  A black bear (shapeshifter) (D)
  5 necrophages (D)
  4 ogres (D)
  A crimson imp (D)
  An orc priest (D)
  2 jellies (D)
  An iron imp (D)
  Jessica (D)
  An orc wizard (D)
  4 mummies (D)
  A shadow imp (D)
  A white imp (D)
  An ufetubus (D)
  An adder skeleton (D)
  A leopard gecko (D)
  A giant cockroach (D)
  A frilled lizard (D)
  A butterfly (D)
265 creatures vanquished.

Vanquished Creatures (collateral kills)
  An orc knight (D)
1 creature vanquished.

Vanquished Creatures (others)
  A smoke demon (D)
  3 komodo dragons (D)
  An insubstantial wisp (D)
  A sky beast (D)
  A swamp drake (D)
  16 ball lightnings (D)
23 creatures vanquished.

Grand Total: 289 creatures vanquished

Notes
Turn   | Place    | Note
-------+----------+-------------------------------------------
     0 | D        | nuthulu the Gargoyle Fighter began the quest for the Orb.
     0 | D        | Reached XP level 1. HP: 14/14 MP: 1/1
     1 | D        | Found a sacrificial altar of Ru.
     1 | D        | Found a hide-covered altar of Uskayaw.
     2 | D        | Found a viscous altar of Jiyva.
     3 | D        | Found an opulent altar of Gozag.
     3 | D        | Found a snail-covered altar of Cheibriados.
     4 | D        | Found Pisim's Identification Station.
     4 | D        | Found a glowing golden altar of the Shining One.
     4 | D        | Found Tufyaze's Delicious Food.
     5 | D        | Found Cimoqekh's Advanced Armour.
     5 | D        | Found Roedocog's Jewellery.
     5 | D        | Round 1.
    14 | D        | Bought a transparent jade ring for 45 gold pieces
    14 | D        | Bought a vibrating granite ring for 45 gold pieces
    14 | D        | Bought a pitted graven amulet for 45 gold pieces
    14 | D        | Identified the ring "Reix" {*Slow +Inv MR+ Dex+8} (You
                  | bought it in a shop in the Dungeon)
    15 | D        | Identified the ring "Zeumon" {Wiz Str+3 Int+5 Dex-5 SInv}
                  | (You bought it in a shop in the Dungeon)
    16 | D        | Identified the amulet of Imusus {Spirit Dex+4} (You bought
                  | it in a shop in the Dungeon)
    18 | D        | Found a corrupted altar of Lugonu.
    21 | D        | Found a shadowy altar of Dithmenos.
    22 | D        | Found a roughly hewn altar of Beogh.
    27 | D        | Found Levonoju's Magic Scroll Shop.
    28 | D        | Found Jyssoux's Magic Scroll Shop.
    28 | D        | Found Vediwk's Must-Have Magic.
    41 | D        | Found a bloodstained altar of Trog.
    41 | D        | Found an iron altar of Okawaru.
    41 | D        | Found a basalt altar of Yredelemnul.
    41 | D        | Found Laskuh's Staff Store.
    45 | D        | Found an ancient bone altar of Kikubaaqudgha.
    47 | D        | Found a stormy altar of Qazlal.
    48 | D        | Found Mijaliesk's Distillery.
    48 | D        | Found a glowing silver altar of Zin.
    48 | D        | Found a shimmering altar of Xom.
    48 | D        | Found a blossoming altar of Fedhas.
    48 | D        | Found Noal's Do-It-Yourself Clinic.
    49 | D        | Found Herrife's Distillery.
    49 | D        | Found Ulethrewn's Bottled Wisdom.
    55 | D        | Became a worshipper of Qazlal Stormbringer
    71 | D        | Noticed Jessica
    74 | D        | Found an ornate altar of the Wu Jian Council.
    75 | D        | Found a burning altar of Makhleb.
    78 | D        | Killed Jessica
    78 | D        | Reached XP level 2. HP: 11/20 MP: 2/2
    78 | D        | Reached XP level 3. HP: 13/24 MP: 3/3
    79 | D        | Found a radiant altar of Vehumet.
    82 | D        | Found a deep blue altar of Sif Muna.
    82 | D        | Found Joamad's Weapon Rack.
    82 | D        | Found Duasah's Premium Goods.
    83 | D        | Found Paenus's Basic Armour.
    83 | D        | Found Qoqaogru's Miscellaneous Merchandise.
    89 | D        | Arena points: 12 (+12) [x2]
   134 | D        | Round 2.
   137 | D        | Noticed Eustachio
   141 | D        | Reached * piety under Qazlal
   142 | D        | Reached skill level 5 in Fighting
   142 | D        | Reached skill level 5 in Armour
   142 | D        | Reached skill level 5 in Shields
   153 | D        | Reached ** piety under Qazlal
   153 | D        | Reached XP level 4. HP: 20/31 MP: 0/4
   158 | D        | Killed Eustachio
   158 | D        | Reached skill level 5 in Axes
   158 | D        | Reached XP level 5. HP: 17/38 MP: 0/5
   158 | D        | Reached XP level 6. HP: 20/44 MP: 0/6
   167 | D        | Arena points: 54 (+42) [x3]
   209 | D        | Round 3.
   209 | D        | Noticed an orc warrior
   218 | D        | Killed an orc warrior
   218 | D        | Reached *** piety under Qazlal
   306 | D        | Noticed an orc high priest
   309 | D        | Noticed a soul eater
   310 | D        | Noticed a two-headed ogre
   314 | D        | Killed an orc high priest
   314 | D        | Reached skill level 10 in Fighting
   314 | D        | Reached skill level 10 in Armour
   314 | D        | Reached skill level 10 in Shields
   314 | D        | Reached XP level 7. HP: 32/52 MP: 5/7
   314 | D        | Reached XP level 8. HP: 35/57 MP: 5/8
   320 | D        | Killed a two-headed ogre
   320 | D        | Reached **** piety under Qazlal
   323 | D        | Noticed an orc knight
   349 | D        | Killed an orc knight
   349 | D        | Arena points: 138 (+84) [x4]
   349 | D        | Reached XP level 9. HP: 6/64 MP: 1/9
   368 | D        | Round 4.
   385 | D        | Gained mutation: Your magical capacity is low. (-10% MP) [a
                  | neqoxec]
   386 | D        | Gained mutation: You have supernaturally acute eyesight.
                  | (SInv) [a neqoxec]
   392 | D        | Gained mutation: You are frail. (-10% HP) [a neqoxec]
   394 | D        | Gained mutation: You are weak. (Str -2) [a neqoxec]
   403 | D        | Gained mutation: Your body sometimes deteriorates upon
                  | taking damage. [a neqoxec]
   406 | D        | Reached skill level 10 in Axes
   413 | D        | Gained mutation: Your body often deteriorates upon taking
                  | damage. [a neqoxec]
   444 | D        | Bought a potion of mutation for 56 gold pieces
   444 | D        | Lost mutation: You are weak. (Str -2) [potion of mutation]
   444 | D        | Lost mutation: Your body often deteriorates upon taking
                  | damage. [potion of mutation]
   444 | D        | Lost mutation: You are frail. (-10% HP) [potion of
                  | mutation]
   444 | D        | Lost mutation: Your magical capacity is low. (-10% MP)
                  | [potion of mutation]
   444 | D        | Gained mutation: You have an increased reservoir of magic.
                  | (+10% MP) [potion of mutation]
   444 | D        | Gained mutation: Your flesh is heat resistant. (rF+)
                  | [potion of mutation]
   444 | D        | Lost mutation: You have an increased reservoir of magic.
                  | (+10% MP) [potion of mutation]
   444 | D        | Gained mutation: You are partially covered in molten
                  | scales. (AC +2) [potion of mutation]
   476 | D        | Lost mutation: You have supernaturally acute eyesight.
                  | (SInv) [a neqoxec]
   483 | D        | Reached ***** piety under Qazlal
   485 | D        | Gained mutation: Your flesh is very heat resistant. (rF++)
                  | [a neqoxec]
   486 | D        | Gained mutation: Your magical capacity is low. (-10% MP) [a
                  | neqoxec]
   494 | D        | Arena points: 298 (+160) [x5]
   555 | D        | Round 5.
   569 | D        | Noticed a witch
   593 | D        | Noticed a tyrant leech
   594 | D        | Noticed a four-headed hydra
   598 | D        | Noticed a four-headed hydra
   600 | D        | Noticed an alligator
   608 | D        | Reached skill level 1 in Invocations
   610 | D        | Killed a witch
   610 | D        | Arena points: 543 (+245) [x7]
   610 | D        | Reached XP level 10. HP: 28/72 MP: 5/12
   613 | D        | Got a translucent granite ring
   613 | D        | Got a decaying rune of Zot
   614 | D        | Reached XP level 11. HP: 30/76 MP: 5/15
   624 | D        | Bought a +0 demon whip for 450 gold pieces
   626 | D        | Identified the ring of Dafuwu {rF+ Str+5 Int-3 Stlth+} (You
                  | found it in the Dungeon)
   794 | D        | Round 6.
   799 | D        | Noticed a two-headed ogre
   808 | D        | Killed a two-headed ogre
   858 | D        | Noticed an ogre mage
   867 | D        | Killed an ogre mage
   879 | D        | Noticed an ogre mage
   889 | D        | Killed an ogre mage
   889 | D        | Noticed Erolcha
   892 | D        | Reached ****** piety under Qazlal
   905 | D        | Killed Erolcha
   905 | D        | Arena points: 975 (+432) [x8]
   905 | D        | Reached skill level 10 in Invocations
   920 | D        | Bought a pair of faintly humming gloves for 332 gold pieces
   925 | D        | Identified the +0 pair of gloves of the Lute {MR+} (You
                  | bought it in a shop in the Dungeon)
   946 | D        | Round 7.
   965 | D        | Paralysed by a floating eye for 2 turns
  1003 | D        | Noticed a shining eye
  1006 | D        | Gained mutation: You do not regenerate when monsters are
                  | visible. [a shining eye]
  1017 | D        | Noticed a shining eye
  1019 | D        | Killed a shining eye
  1024 | D        | Gained mutation: Your spells are a little easier to cast,
                  | but a little less powerful. [a shining eye]
  1035 | D        | Killed a shining eye
  1064 | D        | Arena points: 1542 (+567) [x9]
  1073 | D        | Bought a pair of faintly humming boots for 332 gold pieces
  1078 | D        | Identified the cursed +0 pair of boots of Lecvihoso {rF+
                  | rCorr Dex+3} (You bought it in a shop in the Dungeon)
  1104 | D        | Round 8.
  1122 | D        | Reached XP level 12. HP: 59/86 MP: 6/18
  1136 | D        | Arena points: 2422 (+880) [x10]
  1144 | D        | Bought a scorched helmet for 332 gold pieces
  1149 | D        | Identified the +0 helmet of Picwuh {Slay+3} (You bought it
                  | in a shop in the Dungeon)
  1181 | D        | Round 9.
  1230 | D        | Bought 2 rations for 40 gold pieces
  1230 | D        | Bought 2 rations for 40 gold pieces
  1319 | D        | Arena points: 3511 (+1089) [x11]
  1339 | D        | Bought 8 scrolls of enchant weapon for 600 gold pieces
  1395 | D        | Round 10.
  1418 | D        | Arena points: 4681 (+1170) [x13]
  1421 | D        | Got a gossamer rune of Zot
  1422 | D        | Reached skill level 5 in Maces & Flails
  1422 | D        | Reached XP level 13. HP: 58/91 MP: 16/19
  1426 | D        | Bought a scroll of brand weapon for 200 gold pieces
  1448 | D        | Bought a brightly glowing cloak for 332 gold pieces
  1453 | D        | Identified the +2 cloak of Nihilism {*Drain rC+ rN++ Dex-3}
                  | (You bought it in a shop in the Dungeon)
  1593 | D        | Round 11.
  1621 | D        | Reached skill level 15 in Armour
  1621 | D        | Reached skill level 15 in Shields
  1639 | D        | Reached skill level 15 in Fighting
  1770 | D        | Arena points: 6375 (+1694) [x14]
  1784 | D        | Bought a crude large shield for 332 gold pieces
  1794 | D        | Identified the +4 large shield of Poybueje {rCorr Int+7
                  | Dex+4} (You bought it in a shop in the Dungeon)
  1809 | D        | Round 12.
  1934 | D        | Noticed a storm dragon
  1951 | D        | Killed a storm dragon
  1954 | D        | Arena points: 8535 (+2160) [x15]
  1987 | D        | Round 13.
  2148 | D        | Arena points: 11655 (+3120) [x16]
  2163 | D        | Bought +0 gold dragon scales for 960 gold pieces
  2196 | D        | Round 14.
  2198 | D        | Bought 4 scrolls of enchant armour for 300 gold pieces
  2219 | D        | Noticed a fire dragon
  2232 | D        | Killed a fire dragon
  2268 | D        | Gained mutation: Your large and strong wings let you fly
                  | indefinitely. [Gargoyle growth]
  2268 | D        | Reached XP level 14. HP: 89/103 MP: 18/20
  2286 | D        | Arena points: 14511 (+2856) [x17]
  2295 | D        | Bought 4 scrolls of enchant armour for 300 gold pieces
  2295 | D        | Bought 4 scrolls of enchant armour for 300 gold pieces
  2332 | D        | Round 15.
  2335 | D        | Bought 3 scrolls of identify for 150 gold pieces
  2343 | D        | Noticed Agnes
  2368 | D        | Killed Agnes
  2368 | D        | Arena points: 17646 (+3135) [x19]
  2371 | D        | Got a mossy rune of Zot
  2372 | D        | Reached XP level 15. HP: 111/111 MP: 21/21
  2380 | D        | Bought a shimmering golden amulet for 45 gold pieces
  2380 | D        | Identified the amulet of Ixeb {+Rage rC+ Dex+4} (You bought
                  | it in a shop in the Dungeon)
  2559 | D        | Round 16.
  2631 | D        | Arena points: 22126 (+4480) [x20]
  2646 | D        | Round 17.
  2649 | D        | Bought 3 potions of heal wounds for 105 gold pieces
  2649 | D        | Bought 3 potions of heal wounds for 105 gold pieces
  2649 | D        | Bought 3 potions of heal wounds for 105 gold pieces
  2649 | D        | Bought 3 potions of heal wounds for 105 gold pieces
  2649 | D        | Bought 3 potions of heal wounds for 105 gold pieces
  2649 | D        | Bought 3 potions of heal wounds for 105 gold pieces
  2709 | D        | Bought a pair of scorched gloves for 332 gold pieces
  2709 | D        | Identified the +1 pair of gloves of Mostrog {-Cast MR+
                  | Int+4 Slay+2} (You bought it in a shop in the Dungeon)
  2774 | D        | Arena points: 28195 (+6069) [x21]
  2806 | D        | Bought 8 scrolls of enchant weapon for 600 gold pieces
  2825 | D        | Round 18.
  2846 | D        | Noticed a sphinx
  2852 | D        | Killed a sphinx
  2948 | D        | Noticed a sphinx
  2960 | D        | Killed a sphinx
  2964 | D        | Arena points: 32947 (+4752) [x22]
  3028 | D        | Round 19.
  3160 | D        | Arena points: 39065 (+6118) [x23]
  3200 | D        | Bought a potion of mutation for 56 gold pieces
  3200 | D        | Lost mutation: Your magical capacity is low. (-10% MP)
                  | [potion of mutation]
  3200 | D        | Lost mutation: Your body sometimes deteriorates upon taking
                  | damage. [potion of mutation]
  3200 | D        | Lost mutation: Your spells are a little easier to cast, but
                  | a little less powerful. [potion of mutation]
  3200 | D        | Lost mutation: Your flesh is very heat resistant. (rF++)
                  | [potion of mutation]
  3200 | D        | Gained mutation: You possess an exceptional clarity of
                  | mind. [potion of mutation]
  3200 | D        | Gained mutation: You expend magic power (3 MP) to
                  | strengthen your wands. [potion of mutation]
  3229 | D        | Round 20.
  3239 | D        | Noticed Mennas
  3291 | D        | Noticed a vault warden
  3317 | D        | Killed Mennas
  3317 | D        | Arena points: 45065 (+6000) [x25]
  3320 | D        | Got a silver rune of Zot
  3321 | D        | Reached XP level 16. HP: 76/121 MP: 25/25
  3512 | D        | Round 21.
  3551 | D        | Noticed a curse toe
  3563 | D        | Killed a curse toe
  3563 | D        | Reached XP level 17. HP: 126/126 MP: 26/26
  3578 | D        | Noticed a curse toe
  3590 | D        | Killed a curse toe
  3608 | D        | Bought 2 rations for 40 gold pieces
  3608 | D        | Bought 2 rations for 40 gold pieces
  3608 | D        | Bought 2 rations for 40 gold pieces
  3608 | D        | Bought 2 rations for 40 gold pieces
  3608 | D        | Bought 2 rations for 40 gold pieces
  3620 | D        | Noticed a curse toe
  3634 | D        | Killed a curse toe
  3653 | D        | Noticed a curse toe
  3674 | D        | Killed a curse toe
  3688 | D        | Arena points: 53801 (+8736) [x26]
  3731 | D        | Round 22.
  3737 | D        | Gained mutation: Your spells are a little easier to cast,
                  | but a little less powerful. [a neqoxec]
  3742 | D        | Lost mutation: Your spells are a little easier to cast, but
                  | a little less powerful. [a neqoxec]
  3743 | D        | Gained mutation: Your spells are a little easier to cast,
                  | but a little less powerful. [a neqoxec]
  3753 | D        | Arena points: 62117 (+8316) [x27]
  3753 | D        | Reached skill level 27 in Shields
  3819 | D        | Round 23.
  3830 | D        | Noticed a deep elf blademaster
  3841 | D        | Killed a deep elf blademaster
  3864 | D        | Reached skill level 10 in Maces & Flails
  3911 | D        | Noticed a deep elf master archer
  3921 | D        | Killed a deep elf master archer
  3933 | D        | Reached skill level 5 in Dodging
  3951 | D        | Noticed a deep elf blademaster
  3960 | D        | Noticed a deep elf blademaster
  3969 | D        | Killed a deep elf blademaster
  3983 | D        | Killed a deep elf blademaster
  3983 | D        | Arena points: 72421 (+10304) [x28]
  4031 | D        | Round 24.
  4232 | D        | Arena points: 72877 (+456) [x1]
  4247 | D        | Round 25.
  4287 | D        | Arena points: 73927 (+1050) [x3]
  4287 | D        | Reached XP level 18. HP: 50/136 MP: 27/27
  4290 | D        | Got a slimy rune of Zot
  4291 | D        | Reached XP level 19. HP: 54/142 MP: 28/28
  4495 | D        | Round 26.
  4554 | D        | Reached skill level 10 in Dodging
  4660 | D        | Reached skill level 15 in Maces & Flails
  4665 | D        | Arena points: 76111 (+2184) [x4]
  4679 | D        | Bought a clouded golden ring for 45 gold pieces
  4679 | D        | Bought a transparent iron ring for 45 gold pieces
  4679 | D        | Bought a flickering tin ring for 45 gold pieces
  4686 | D        | Bought 3 scrolls of identify for 150 gold pieces
  4686 | D        | Identified the ring of the Death Scarab {+Blink rC+++ EV+4
                  | Int-3} (You bought it in a shop in the Dungeon)
  4687 | D        | Identified the ring "Putron" {MR+ Dex+3} (You bought it in
                  | a shop in the Dungeon)
  4688 | D        | Identified the ring "Ollotud" {rC+ SInv} (You bought it in
                  | a shop in the Dungeon)
  4724 | D        | Round 27.
  4744 | D        | Noticed an ancient lich
  4759 | D        | Killed an ancient lich
  4764 | D        | Noticed a Killer Klown
  4781 | D        | Killed a Killer Klown
  4783 | D        | Noticed an ancient lich
  4796 | D        | Killed an ancient lich
  4798 | D        | Identified the +4 dragonskin cloak
  4798 | D        | Noticed Tiamat
  4848 | D        | Killed Tiamat
  4855 | D        | Bought a heavily runed ruby amulet for 45 gold pieces
  4855 | D        | Bought a coiled golden amulet for 45 gold pieces
  4855 | D        | Bought a brightly glowing amethyst amulet for 45 gold
                  | pieces
  4855 | D        | Bought a translucent platinum amulet for 45 gold pieces
  4855 | D        | Identified the amulet of the Rose {Inacc Dex+4} (You bought
                  | it in a shop in the Dungeon)
  4863 | D        | Bought 3 scrolls of identify for 150 gold pieces
  4863 | D        | Identified the amulet "Raty" {Acrobat rPois Stlth+} (You
                  | bought it in a shop in the Dungeon)
  4864 | D        | Identified the amulet "Noaddump" {Gourm Int+5 Stlth-} (You
                  | bought it in a shop in the Dungeon)
  4865 | D        | Identified the amulet of Axyothriu {Spirit rF+ Dex+3} (You
                  | bought it in a shop in the Dungeon)
  4879 | D        | Noticed a curse toe
  4883 | D        | Noticed a Killer Klown
  4885 | D        | Noticed an ancient lich
  4892 | D        | Reached skill level 27 in Fighting
  4904 | D        | Killed an ancient lich
  4906 | D        | Killed a Killer Klown
  4912 | D        | Killed a curse toe
  4917 | D        | Noticed a tentacled monstrosity
  4931 | D        | Killed a tentacled monstrosity
  4934 | D        | Reached skill level 15 in Dodging
  4934 | D        | Reached XP level 20. HP: 79/157 MP: 13/29
  4961 | D        | Arena points: 78406 (+2295) [x5]
  5143 | D        | Round 28.
  5144 | D        | Noticed a pearl dragon
  5147 | D        | Noticed a pearl dragon
  5148 | D        | Noticed a pearl dragon
  5153 | D        | Noticed a pearl dragon
  5161 | D        | Killed a pearl dragon
  5162 | D        | Noticed a pearl dragon
  5170 | D        | Killed a pearl dragon
  5182 | D        | Killed a pearl dragon
  5182 | D        | Killed a pearl dragon
  5187 | D        | Killed a pearl dragon
  5205 | D        | Arena points: 81262 (+2856) [x6]
  5253 | D        | Round 29.
  5260 | D        | Noticed an orb of fire
  5270 | D        | Noticed an orb of fire
  5288 | D        | Gained mutation: Your body sometimes deteriorates upon
                  | taking damage. [an orb of fire]
  5289 | D        | Gained mutation: You are frail. (-10% HP) [an orb of fire]
  5291 | D        | Noticed a Brimstone Fiend
  5292 | D        | Gained mutation: Armour fits poorly on your strangely
                  | shaped body. [an orb of fire]
  5295 | D        | Killed an orb of fire
  5295 | D        | Reached skill level 27 in Armour
  5296 | D        | HP: 3/141 [balrug/divine providence (17)]
  5298 | D        | Killed from afar by an orb of fire

Skill      XL: |  1  2  3  4  5  6  7  8  9 10 11 12 13 14 15 16 17 18 19 20 |
---------------+-------------------------------------------------------------+-----
Axes           | 3 4 5 8 9 10 12 | 12.5
Fighting       | 4 5 7 10 11 12 14 17 19 21 23 27 | 27.0
Armour         | 4 5 7 10 11 12 14 16 17 19 21 24 27 | 27.0
Shields        | 4 5 7 10 11 12 14 16 17 23 27 | 27.0
Invocations    | 4 8 10 11 12 | 12.0
Maces & Flails | 5 9 14 19 22 | 22.2
Dodging        | 9 15 18 | 18.3
Spellcasting   | 3 |  3.6

Action                   |  1- 3 |  4- 6 |  7- 9 | 10-12 | 13-15 | 16-18 | 19-21 || total
-------------------------+-------+-------+-------+-------+-------+-------+-------++-------
Melee: War axe           |    32 |    23 |    86 |       |       |       |       ||   141
       Demon whip        |       |       |       |   167 |   374 |   261 |   279 ||  1081
Invok: Elemental Force   |       |       |     1 |       |       |       |       ||     1
       Disaster Area     |       |       |       |     1 |     4 |     4 |     9 ||    18
  Use: Potion            |     2 |       |     4 |     2 |     7 |     2 |     8 ||    25
       Scroll            |       |       |       |     8 |    16 |       |     7 ||    31
 Stab: Confused          |       |       |       |     2 |       |       |       ||     2
  Eat: Chunk             |       |       |       |     1 |     1 |       |     2 ||     4
       Ration            |       |       |       |     1 |     1 |     1 |     1 ||     4
Armor: Scale mail        |    33 |     8 |    15 |       |       |       |       ||    56
       Plate armour      |       |       |    18 |    42 |    23 |       |       ||    83
       Gold dragon scale |       |       |       |       |    79 |    41 |    46 ||   166
Dodge: Dodged            |    29 |     8 |    20 |    14 |    17 |    14 |    39 ||   141
       Deflected         |       |       |       |     1 |     2 |       |    10 ||    13
Block: Shield            |    43 |    13 |    82 |   126 |    34 |       |       ||   298
       Large shield      |       |       |       |       |   385 |   282 |   307 ||   974
